 Dungeon Crawl Stone Soup version 0.30-a0-347-gf58ed5266c (webtiles) character file.

Game seed: 8808762677579499992

506 oldriver the Changer (level 7, -17/71 HPs)
             Began as an Ogre Transmuter on Nov 6, 2022.
             Was a Believer of Uskayaw.
             Demolished by an ogre
             ... wielding a +0 giant club
              (19 damage)
             ... on level 4 of the Dungeon.
             The game lasted 00:09:18 (3665 turns).

oldriver the Changer (Ogre Transmuter)              Turns: 3665, Time: 00:09:19

Health: -17/71     AC:  4    Str: 15    XL:     7   Next: 18%
Magic:  12/13      EV:  9    Int: 16    God:    Uskayaw [**....]
Gold:   144        SH:  0    Dex:  9    Spells: 8/14 levels left

rFire   . . .      SeeInvis .    k - +3 flail (vorpal)
rCold   . . .      Faith    .    (no shield)
rNeg    . . .      Spirit   .    t - +1 robe {Will+}
rPois   .          Reflect  .    (helmet restricted)
rElec   .          Harm     .    (no cloak)
rCorr   .          Rampage  .    (gloves unavailable)
Will    +....                    (boots unavailable)
Stlth   +.........               (no amulet)
HPRegen 0.31/turn                u - ring of flight
MPRegen 0.13/turn                (no ring)

@: flying
A: large, unfitting armour, tough skin 1
a: Renounce Religion, Stomp, Line Pass


You were on level 4 of the Dungeon.
You worshipped Uskayaw.
Uskayaw was noncommittal.
You visited 1 branch of the dungeon, and saw 4 of its levels.

You collected 144 gold pieces.

Inventory:

Hand Weapons
 k - a +3 vorpal flail (weapon)
Missiles
 x - 2 silver javelins
Armour
 t - a +1 robe of willpower (worn)
Jewellery
 u - a ring of flight (left hand)
Wands
 d - a wand of acid (6)
 y - a wand of polymorph (9)
Scrolls
 a - a scroll of teleportation
 c - a scroll of magic mapping
 g - 3 scrolls of poison
 s - a scroll of enchant weapon
 w - 2 scrolls of brand weapon
Potions
 b - a potion of lignification
 e - a potion of flight {unknown}
 f - 2 potions of mutation
 h - 5 potions of brilliance
 i - 3 potions of ambrosia {unknown}
 j - 2 potions of curing
 l - 2 potions of degeneration {unknown}
 m - a potion of magic {unknown}
 p - a potion of invisibility {unknown}
 q - a potion of attraction {unknown}
 r - a potion of might {unknown}
 v - a potion of heal wounds {unknown}


   Skills:
 - Level 4.4 Fighting
 - Level 1.7 Dodging
 - Level 2.6 Unarmed Combat
 - Level 4.1 Spellcasting
 * Level 5.5 Transmutations


You had 8 spell levels left.
You knew the following spells:

 Your Spells              Type           Power      Damage    Failure   Level
a - Beastly Appendage     Tmut           40%        N/A       1%          1
b - Wereblood             Tmut           20%        N/A       2%          2
c - Spider Form           Tmut/Pois      12%        N/A       16%         3

Your spell library contained the following spells:

 Spells                   Type           Power      Damage    Failure   Level
 Ice Form                 Ice/Tmut       12%        N/A       47%         4


Dungeon Overview and Level Annotations

Branches:
Dungeon (4/15)
 Temple: D:4-7

Altars:
Cheibriados
Dithmenos
Kikubaaqudgha
Uskayaw


Innate Abilities, Weirdness & Mutations

You are too large for most types of armour.
You have tough skin. (AC +1)


Message History

You headbutt the kobold.
You kill the kobold!
Your horns disappear.
Your talons disappear.
The adder bites you.
* * * LOW HITPOINT WARNING * * *
Unknown command.
You barely miss the adder.
The adder is heavily wounded.
The adder bites you.
* * * LOW HITPOINT WARNING * * *
You are poisoned.
The adder poisons you! The endoplasm hits you.
* * * LOW HITPOINT WARNING * * *
The adder bites you.
* * * LOW HITPOINT WARNING * * *
You feel better. The adder completely misses you.
The endoplasm barely misses you. The adder barely misses you.
You thump the endoplasm!
You kill the endoplasm!
The adder bites you but does no damage.
You miss the adder. You punch the adder, but do no damage.
The adder is heavily wounded.
The adder bites you but does no damage. The adder barely misses you.
You hit the adder.
You kill the adder!
You sock the ogre!
The ogre is severely wounded.
The ogre closely misses you.
You can now pass through a line of other dancers.
You barely miss the ogre. Your punch misses the ogre.
The ogre is severely wounded.
The ogre hits you with a +0 giant club!
* * * LOW HITPOINT WARNING * * *
The ogre closely misses you.
You hit the ogre.
The ogre is severely wounded.
The ogre hits you with a +0 giant club!
* * * LOW HITPOINT WARNING * * *
The ogre hits you with a +0 giant club!!
You die...

○§☼##○§§ §.○#○°
.#.. °°.§○# ......
..°°# .° #.
....... .○☼☼ §.○
#.. .. ....
#..##°○○☼ ...##..
... ... #☼§○☼§§°§
...#...
^...##.###@§°§.☼§°
.......
...§.○○°.OO.°§○°§☼
.......
....○§☼°.°°○°☼§.○☼
#.<...
...°☼.☼.§..°§##☼§☼
.##....
...☼○☼☼○☼.§°## §#
.......
##.§○○.°○○.☼# #
...#..
#.°○°°§§§°☼○.. ##.
#.§○.°°°.☼☼§.. #.
#........#.....
.###.


You could see 2 ogres.

Vanquished Creatures
  Edmund (D:4)
  An ice beast (D:3)
  A jelly (D:4)
  An orc priest (D:3)
  Jessica (D:2)
  An orc wizard (D:3)
  5 adders
  4 gnolls
  2 worms (D:3)
  4 dart slugs
  5 orcs
  6 endoplasms
  3 giant cockroaches
  5 hobgoblins
  A jackal (D:2)
  10 kobolds
  3 quokkas
  5 ball pythons
  6 bats
  A frilled lizard (D:2)
  14 goblins
  6 rats
86 creatures vanquished.

Notes
Turn   | Place    | Note
-------+----------+-------------------------------------------
     0 | D:1      | oldriver the Ogre Transmuter began the quest for the Orb.
     0 | D:1      | Reached XP level 1. HP: 19/19 MP: 3/3
   132 | D:1      | Reached XP level 2. HP: 23/28 MP: 3/5
   168 | D:1      | Reached skill level 2 in Transmutations
   721 | D:1      | Reached XP level 3. HP: 31/36 MP: 5/7
   980 | D:1      | Learned a level 2 spell: Wereblood
  1341 | D:2      | Reached XP level 4. HP: 45/45 MP: 5/9
  1779 | D:2      | Noticed Jessica
  1791 | D:2      | Killed Jessica
  2198 | D:3      | Reached XP level 5. HP: 49/54 MP: 7/11
  2586 | D:3      | Reached skill level 3 in Transmutations
  2764 | D:3      | Reached XP level 6. HP: 53/63 MP: 9/12
  2824 | D:3      | Found a shadowy altar of Dithmenos.
  2827 | D:3      | Found an ancient bone altar of Kikubaaqudgha.
  2828 | D:3      | Found a snail-covered altar of Cheibriados.
  2864 | D:3      | Found a hide-covered altar of Uskayaw.
  2885 | D:3      | Became a worshipper of Uskayaw the Reveller
  2963 | D:3      | Noticed an ice beast
  3069 | D:3      | Reached * piety under Uskayaw
  3090 | D:3      | Reached ** piety under Uskayaw
  3096 | D:3      | Killed an ice beast
  3097 | D:3      | Reached skill level 4 in Transmutations
  3297 | D:4      | Noticed Edmund
  3307 | D:4      | Killed Edmund
  3308 | D:4      | Reached skill level 5 in Transmutations
  3308 | D:4      | Reached XP level 7. HP: 42/71 MP: 10/13
  3593 | D:4      | Learned a level 3 spell: Spider Form
  3665 | D:4      | HP: 2/71 [ogre/+0 giant club (15)]
  3665 | D:4      | Demolished by an ogre

Illustrated notes

Levels and vault maps discovered:
D:1:      co_arrival_hall_of_pillars, layout_basic, serial_rivers,
          chequers_serial_rivers_micro_d, chequers_serial_rivers_small_b,
          chequers_serial_rivers_micro_a, chequers_serial_rivers_room_b,
          chequers_serial_rivers_large_b
D:2:      layout_basic, supply_closet_lemuel, dk_vineyard_3, minmay_octomino_c4,
          uniq_jessica
D:3:      layout_rooms, minitemple, nicolae_uskayaw_suspiria
D:4:      layout_cave_pools, bloody_makhleb, gammafunk_temple_overflow_elements,
          gammafunk_ghost_split, uniq_ijyb, uniq_robin, uniq_edmund

Skill      XL: |  1  2  3  4  5  6 |
---------------+-------------------+-----
Fighting       | 2 3 4 |  4.4
Transmutations | 2 3 5 |  5.5
Spellcasting   | 3 4 |  4.1
Dodging        | |  1.7
Unarmed Combat | |  2.6

Action                   |  1- 3 |  4- 6 |  7- 9 || total
-------------------------+-------+-------+-------++-------
Melee: Unarmed           |    12 |       |       ||    12
       Dagger            |    66 |   158 |       ||   224
       Headbutt          |    10 |    14 |     2 ||    26
       Kick              |    11 |    32 |     3 ||    46
       Punch             |     1 |     2 |     1 ||     4
       Flail             |       |       |    23 ||    23
 Cast: Beastly Appendage |    23 |    23 |     2 ||    48
       Wereblood         |     2 |    15 |     2 ||    19
Invok: Stomp             |       |       |     1 ||     1
  Use: Scroll            |       |     9 |     3 ||    12
       Potion            |       |     2 |     1 ||     3
Armor: Robe              |    31 |    50 |    13 ||    94
       Skin              |       |    32 |       ||    32
Dodge: Dodged            |    43 |    68 |    18 ||   129

Table legend: (Time is in decaauts)
 A = Elapsed time spent in this place.
 B = Non-inter-level travel time spent in this place.
 C = Inter-level travel time spent in this place.
 D = Time resting spent in this place.
 E = Time spent auto-exploring this place.
 F = Levels seen in this place.
 G = Mean time per level.
                   A        B        C        D        E       F      G
               +--------+--------+--------+--------+--------+-----+--------+
         Total |   3709 |   3540 |    169 |    425 |   2340 |   4 |  927.2 |
       Dungeon |   3709 |   3540 |    169 |    425 |   2340 |   4 |  927.2 |
               +--------+--------+--------+--------+--------+-----+--------+

Top non-repeatable levels by time:
     D:2: 1327 daAuts
     D:1: 1043 daAuts
     D:3: 951 daAuts
     D:4: 386 daAuts
